 Dungeon Crawl Stone Soup version 0.30-a0-250-g41c1d76940 (webtiles) character file.

Game seed: 16417244344751503504

61 KennySheep the Sneak (level 3, 0/32 HPs)
             Began as an Armataur Brigand on Oct 12, 2022.
             Was a Follower of Kikubaaqudgha.
             Slain by an orc priest
             ... wielding a +0 club
              (1 damage)
             ... on level 2 of the Dungeon.
             The game lasted 00:04:51 (1421 turns).

KennySheep the Sneak (Armataur Brigand)             Turns: 1421, Time: 00:04:51

Health: 0/32       AC:  5    Str: 12 (16) XL:     3   Next: 83%
Magic:  3/3        EV:  9    Int:  9 (11) God:    Kikubaaqudgha [*.....]
Gold:   81         SH:  0    Dex: 10 (13) Spells: 2/2 levels left

rFire   . . .      SeeInvis .    a - +3 dagger
rCold   . . .      Faith    .    (no shield)
rNeg    . . .      Spirit   .    b - +0 robe
rPois   .          Reflect  .    (no helmet)
rElec   .          Harm     .    c - +0 cloak
rCorr   .          Roll     +    (no gloves)
Will    .....                    (no barding)
Stlth   +++.......               (no amulet)
HPRegen 0.25/turn                (no ring)
MPRegen 0.08/turn                (no ring)

@: no status effects
A: large, rugged brown scales 3, deformed body, armoured tail, roll, long
tongue, awkward tongue
a: Renounce Religion, Unearth Wretches


You were on level 2 of the Dungeon.
You worshipped Kikubaaqudgha.
Kikubaaqudgha was aware of your devotion.
You visited 1 branch of the dungeon, and saw 2 of its levels.

You collected 81 gold pieces.

Inventory:

Hand Weapons
 a - a +3 dagger (weapon)
Missiles
 d - 15 poisoned darts (quivered)
 e - 3 curare-tipped darts
Armour
 b - a +0 robe (worn)
 c - a +0 cloak (worn)
Scrolls
 j - a scroll of noise {unknown}
Potions
 f - a potion of attraction
 g - a potion of degeneration
 h - a potion of curing
 i - a potion of brilliance {unknown}


   Skills:
 + Level 2.3 Fighting
 * Level 2.5 Short Blades
 - Level 1.7 Throwing
 + Level 1.3 Armour
 - Level 0.6 Dodging
 * Level 5.0 Stealth
 + Level 0.2 Necromancy


You had 2 spell levels left.
You didn't know any spells.
Your spell library contained the following spells:

 Spells                   Type           Power      Damage    Failure   Level
 Kiss of Death            Conj/Necr      0%         2d5       36%         1
 Necrotise                Necr           0%         1d4       36%         1
 Vampiric Draining        Necr           0%         2d6       75%         3
 Anguish                  Hex/Necr       0%         N/A       98%         4


Dungeon Overview and Level Annotations

Branches:
Dungeon (2/15)

Altars:
Kikubaaqudgha


Innate Abilities, Weirdness & Mutations

You are completely covered in rugged brown scales. (AC +3, +7% HP)
Armour fits poorly on your strangely shaped body.
You have a long armoured tail.
You roll when moving toward enemies. (Rampage)
Your long tongue fully drains potion bottles. (2x potion effects)
Your tongue gives you trouble enunciating. (1.5x scroll delay)


Message History

You impale the hobgoblin!!
You kill the hobgoblin!
Kikubaaqudgha accepts your kill.
No target in view!
An orc priest is nearby!
An orc priest is nearby!
An orc priest is nearby!
You roll towards the orc priest!
You roll towards the orc priest!
You barely miss the orc priest.
The orc wizard shouts!
You tail-slap the orc priest.
The orc priest is lightly wounded.
You hear a shout!
The orc priest closely misses you.
You hit the orc priest but do no damage.
The orc priest is lightly wounded.
The orc priest hits you with a +0 club.
You don't know any spells.
You hit the orc priest but do no damage.
The orc priest is lightly wounded.
The orc priest mumbles some strange prayers to Beogh against you.
Beogh smites you!
The orc wizard hits you with a +0 dagger.
The orc priest calls upon Beogh to heal the orc priest.
The orc priest's wounds heal themselves!
You closely miss the orc priest. You tail-slap the orc priest.
The orc priest is lightly wounded.
Okay, then.
As you read the scroll labelled CUUTAPA XI KAT, it crumbles to dust.
It is a scroll of enchant weapon.
Your +2 dagger glows red for a moment.
The orc priest hits you but does no damage.
The orc priest mumbles some strange prayers to Beogh against you.
Beogh smites you!
* * * LOW HITPOINT WARNING * * *
The orc wizard closely misses you. The orc wizard completely misses you.
The orc priest hits you with a +0 club.
You die...
Kikubaaqudgha rasps: "You have failed me!
Welcome... death!"

#......... #Š#......######
#......... #Ť #......####
#......... ###.##.........#
#......... ...............#
#......... #.............#
###.......###.............#
.. .####. o.......########
.. ..#.o........# ..
...#.o@.......# ..
...............# ..
...............# ..
...#...........# .. ..
#...........# #+ .
##..........# #..........#
#..........# #..........#


You could see 2 orc priests and an orc wizard.

Vanquished Creatures
  3 adders (D:2)
  A dart slug (D:1)
  An orc (D:2)
  4 endoplasms (D:1)
  A giant cockroach (D:2)
  7 hobgoblins
  3 kobolds (D:1)
  A quokka (D:1)
  A ball python (D:2)
  4 bats (D:1)
  A frilled lizard (D:1)
  3 rats (D:1)
30 creatures vanquished.

Vanquished Creatures (others)
  2 fungi (D:2)
  5 plants (D:2)
7 creatures vanquished.

Grand Total: 37 creatures vanquished

Notes
Turn   | Place    | Note
-------+----------+-------------------------------------------
     0 | D:1      | KennySheep the Armataur Brigand began the quest for the
                  | Orb.
     0 | D:1      | Reached XP level 1. HP: 18/18 MP: 1/1
   128 | D:1      | Reached XP level 2. HP: 25/25 MP: 2/2
   798 | D:2      | Reached skill level 1 in Armour
   798 | D:2      | Reached XP level 3. HP: 31/31 MP: 3/3
   892 | D:2      | Found a faded altar of an unknown god.
   897 | D:2      | Prayed at the altar of an unknown god.
   897 | D:2      | Became a worshipper of Kikubaaqudgha
   897 | D:2      | Reached * piety under Kikubaaqudgha
   897 | D:2      | Received a gift from Kikubaaqudgha
  1237 | D:1      | Upgraded the game from 0.30-a0-242-g7bf8e6d787 to
                  | 0.30-a0-250-g41c1d76940
  1321 | D:2      | Reached skill level 5 in Stealth
  1421 | D:2      | HP: 1/32 [orc priest/divine providence (10)]
  1421 | D:2      | Slain by an orc priest

Illustrated notes

Levels and vault maps discovered:
D:1:      evilmike_arrival_home_sweet_home, layout_loops_ring,
          minmay_fountain_box
D:2:      layout_basic, shapermc_ecumenical_altar_mp_urbaneastern,
          grunt_ministairs_9, mrwooster_statue_mirror,
          amcnicky_mini_rare_corridor_liquid

Skill      XL: |  1  2  3 |
---------------+----------+-----
Short Blades   | 2 |  2.5
Fighting       | 2 |  2.3
Armour         | 1 |  1.3
Stealth        | 5 |  5.0
Throwing       | |  1.7
Dodging        | |  0.6
Necromancy     | |  0.2

Action                   || total
-------------------------++-------
Melee: Dagger            ||   101
       Tailslap          ||     7
       Punch             ||     1
  Use: Potion            ||     3
       Scroll            ||     1
 Stab: Sleeping          ||    13
Armor: Robe              ||    18
Dodge: Dodged            ||    30

Table legend: (Time is in decaauts)
 A = Elapsed time spent in this place.
 B = Non-inter-level travel time spent in this place.
 C = Inter-level travel time spent in this place.
 D = Time resting spent in this place.
 E = Time spent auto-exploring this place.
 F = Levels seen in this place.
 G = Mean time per level.
                   A        B        C        D        E       F      G
               +--------+--------+--------+--------+--------+-----+--------+
         Total |   1410 |   1336 |     74 |    211 |    870 |   2 |  705.0 |
       Dungeon |   1410 |   1336 |     74 |    211 |    870 |   2 |  705.0 |
               +--------+--------+--------+--------+--------+-----+--------+

Top non-repeatable levels by time:
     D:1: 1064 daAuts
     D:2: 345 daAuts
